 Dungeon Crawl Stone Soup version 0.22-a0-609-gfedc9ff (webtiles) character file.

114 sking99 the Insei (level 4, 0/37 HPs)
             Began as a Draconian Transmuter on July 10, 2018.
             Killed by divine providence
             ... invoked by an orc priest
              (9 damage)
             ... on level 3 of the Dungeon.
             The game lasted 00:03:44 (2767 turns).

sking99 the Insei (Draconian Transmuter)            Turns: 2767, Time: 00:03:45

Health: 0/37       AC:  6    Str: 12    XL:     4   Next: 67%
Magic:  7/7        EV: 13    Int: 13    God:
Gold:   115        SH:  0    Dex: 13    Spells: 4/7 levels left

rFire    . . .     SeeInvis .     - Unarmed
rCold    . . .     Gourm    .   (no shield)
rNeg     . . .     Faith    .   (armour unavailable)
rPois    .         Spirit   .   (helmet restricted)
rElec    .         Reflect  .   g - +0 cloak
rCorr    .         Harm     .   (no gloves)
MR       .....                  (no boots)
Stlth    +.........             (no amulet)
HPRegen  0.12/turn              (no ring)
MPRegen  0.10/turn              (no ring)

@: no status effects
A: unfitting armour, cold-blooded, AC +5
a: no special abilities


You were on level 3 of the Dungeon.
You were not hungry.

You visited 1 branch of the dungeon, and saw 3 of its levels.

You collected 115 gold pieces.

Inventory:

Missiles
 a - 24 arrows
Armour
 g - a +0 cloak (worn)
Scrolls
 b - a scroll of amnesia {unknown}
 e - 4 scrolls of identify {unknown}
 j - a scroll of blinking {unknown}
 l - a scroll of magic mapping {unknown}
 n - a scroll of remove curse {unknown}
Potions
 d - 2 potions of flight {unknown}
 f - a potion of mutation {unknown}
 h - a potion of might {unknown}
 k - 3 potions of lignification {unknown}
 m - a potion of magic {unknown}
Comestibles
 c - 9 rations
 i - a chunk of flesh


   Skills:
 + Level 2.3 Fighting
 + Level 2.5 Dodging
 * Level 4.2 Unarmed Combat
 - Level 2.0 Spellcasting
 + Level 2.8 Transmutations


You had 4 spell levels left.
You knew the following spells:

 Your Spells              Type           Power        Failure   Level  Hunger
a - Beastly Appendage     Tmut           #.....       9%          1    ##.....
b - Sticks to Snakes      Tmut           #.......     12%         2    ###....

Your spell library contained the following spells:

 Spells                   Type           Power        Failure   Level  Hunger
 Spider Form              Tmut/Pois      #.........   41%         3    ####...
 Blade Hands              Tmut           #.........   92%         5    ######.
 Ice Form                 Ice/Tmut       #.......     82%         4    #####..


Dungeon Overview and Level Annotations

Branches:
Dungeon (3/15)

Altars:
Nemelex Xobeh
Zin

Annotations:
D:2 2 transporters


Innate Abilities, Weirdness & Mutations

Your plain brown scales are hard. (AC +5)
You cannot fit into any form of body armour.
You are cold-blooded and may be slowed by cold attacks.


Message History

You hit the orc priest.
The orc priest is lightly wounded.
The orc hits you but does no damage. The orc barely misses you.
The orc priest misses you.
You hit the orc priest.
Your tail-slap misses the orc priest.
The orc priest is heavily wounded.
The orc completely misses you. The orc closely misses you.
The orc priest mumbles some strange prayers to Beogh against you.
Pain shoots through your body!
You barely miss the orc priest.
Your tail-slap misses the orc priest.
The orc priest is heavily wounded.
The orc hits you from afar with a trident.
* * * LOW HITPOINT WARNING * * *
The orc shouts!
The orc hits you with an enchanted short sword.
* * * LOW HITPOINT WARNING * * *
The orc closely misses you.
The orc priest calls down the wrath of Beogh upon you.
Beogh smites you!
You die...

##### #.#.. #...# #.#.#
#...# #.#.#
#####...##########.#..
###..............)...###
.........oo.........>...
#......K.o.###..####..
#.....o###.#.....###.#
#....@o###.#.#...#....
#........#.#.#...#.#..
#.....##...#.#...#.#..
##....(##..##.....#.#..
'........#....##.#.#....
##.#####..#....#<#.#'#..
#. ##.###..#.#...... .
#)..............
####...............


You could see an orc priest, 3 orcs and a kobold.

Vanquished Creatures
  2 adders
  An ooze (D:2)
  2 dart slugs
  A leopard gecko (D:2)
  5 orcs (D:3)
  4 bats
  5 giant cockroaches
  9 goblins
  7 hobgoblins
  7 kobolds
  5 ball pythons
  5 frilled lizards
  5 rats
58 creatures vanquished.

Vanquished Creatures (collateral kills)
  An orc wizard (D:2)
1 creature vanquished.

Grand Total: 59 creatures vanquished

Notes
Turn   | Place    | Note
-------+----------+-------------------------------------------
     0 | D:1      | sking99 the Draconian Transmuter began the quest for the Orb.
     0 | D:1      | Reached XP level 1. HP: 16/16 MP: 3/3
   142 | D:1      | Reached XP level 2. HP: 23/23 MP: 5/5
  1119 | D:2      | Learned a level 2 spell: Sticks to Snakes
  1151 | D:2      | Found a glowing silver altar of Zin.
  1152 | D:2      | Found a transporter.
  1153 | D:2      | Found a sparkling altar of Nemelex Xobeh.
  1157 | D:2      | Noticed a hungry ghost
  1160 | D:2      | Found a transporter.
  1165 | D:2      | Reached XP level 3. HP: 29/29 MP: 6/6
  1830 | D:3      | Reached XP level 4. HP: 10/36 MP: 7/7
  1998 | D:2      | HP: 1/36 [orc wizard/dagger (5)]
  2003 | D:2      | Reached skill level 4 in Unarmed Combat
  2767 | D:3      | Killed from afar by an orc priest

Vault maps used:
D:1:      dpeg_arrival_pond, chequers_big_river
D:2:      gammafunk_temple_overflow_arena, first_ration
D:3:      minmay_misc_feat_doors

Skill      XL: |  1  2  3  4 |
---------------+-------------+-----
Dodging        | 2 |  2.5
Fighting       | 2 |  2.3
Unarmed Combat | 4 |  4.2
Spellcasting   | |  2.0
Transmutations | |  2.8

Action                   |  1- 3 |  4- 6 || total
-------------------------+-------+-------++-------
Melee: Unarmed           |   153 |    72 ||   225
       Tailslap          |    15 |    11 ||    26
 Cast: Sticks to Snakes  |       |     1 ||     1
  Eat: Chunk             |     3 |     3 ||     6
Armor: Skin              |    28 |    15 ||    43
Dodge: Dodged            |    96 |    46 ||   142

Table legend:
 A = Spawn XP
 B = Non-spawn XP
 C = Spawn XP percentage of total XP
 D = Spawn monster count
 E = Non-spawn monster count
 F = Spawn count percentage of total count
 G = Total turns spent on level
                    A         B        C        D         E        F      G
               +---------+---------+-------+---------+---------+-------+---------
         Total |       0 |     164 |   0.0 |       0 |      59 |   0.0 |  2767
               +---------+---------+-------+---------+---------+-------+---------
           D:1 |       0 |      25 |   0.0 |       0 |      13 |   0.0 |   990
           D:2 |       0 |      86 |   0.0 |       0 |      24 |   0.0 |  1140
           D:3 |       0 |      53 |   0.0 |       0 |      22 |   0.0 |   637
               +---------+---------+-------+---------+---------+-------+---------
